Cogmind - Beta 16 @@@ ROGUE MODE // 2025.12.30 @ 19:50:08 Player: Glyb Result: Destroyed by 1N-QV3(R) with Subdweller Machine Gun Performance ------------- Evolutions (0) 0 Regions Visited (2) 400 Robots Destroyed (5) 25 Value Destroyed (65) 65 Prototype IDs (0) 0 Alien Tech Used (0) 0 Bonus (0) 0 TOTAL SCORE: 490 Bonus ------- None Cogmind --------- Core Integrity 0/250 Matter 300/300 Energy 100/100 System Corruption 0% Temperature Cool (0) Movement Core (250) Ox4 Location -10/Subcaves Parts ------- > --- POWER (1) -------- (None) > --- PROPULSION (2) --- (None) > --- UTILITY (2) ------ Subdweller Optics Makeshift Light Armor Plating > --- WEAPON (2) ------- Subdweller Beam Cannon > --- INVENTORY (5) ---- Ion Engine Small Storage Unit Heavy Assault Rifle Peak State ------------ > --- POWER ------------ Ion Engine > --- PROPULSION ------- Light Treads Light Treads > --- UTILITY ---------- Hardened Light Armor Plating Hardened Light Armor Plating > --- WEAPON ----------- Heavy Assault Rifle Heavy Assault Rifle > --- INVENTORY -------- Ion Engine Compact Wheel Small Storage Unit Assault Rifle Light Assault Rifle [Rating: 11] Favorites ----------- Power Ion Engine Engine Ion Engine Propulsion Light Treads Treads Light Treads Utility Hardened Light Armor Plating Device Subdweller Optics Storage Small Storage Unit Protection Hardened Light Armor Plating Weapon Heavy Assault Rifle Energy Cannon Subdweller Beam Cannon Ballistic Gun Heavy Assault Rifle Build | -11 -10 -10 ------- Run | Yrd Mat Sub Slots Evolved . | . . . Power . | . . . Propulsion . | . . . Utility . | . . . Weapon . | . . . Parts Attached 16 | 7 4 5 Power 1 | 1 . . Engine 1 | 1 . . Core . | . . . Reactor . | . . . Propulsion 2 | 2 . . Treads 2 | 2 . . Leg . | . . . Wheel . | . . . Hover . | . . . Flight . | . . . Utility 6 | 1 2 3 Device 1 | . . 1 Storage 1 | 1 . . Processor . | . . . Hackware . | . . . Protection 4 | . 2 2 Artifact . | . . . Weapon 7 | 3 2 2 Energy Gun . | . . . Energy Cannon 1 | . . 1 Ballistic Gun 6 | 3 2 1 Ballistic Cannon . | . . . Launcher . | . . . Special Weapon . | . . . Impact Weapon . | . . . Slashing Weapon . | . . . Piercing Weapon . | . . . Special Melee Weapon . | . . . Unidentified Prototypes . | . . . Parts Lost 9 | . . 9 Power 1 | . . 1 Propulsion 2 | . . 2 Utility 3 | . . 3 Weapon 3 | . . 3 Highest Loss Streak 3 | . . 3 To Critical Strikes . | . . . Average Backups 4 | 1 4 4 Power . | . 1 1 Propulsion . | . . . Utility 1 | . 1 1 Weapon 1 | . 1 1 Tool/Special . | . . . Unused Backups 3 | . 1 2 Power 1 | . . 1 Propulsion 1 | . 1 . Utility . | . . . Weapon 1 | . . 1 Tool/Special . | . . . Average Slot Usage (%) 82 | . 99 70 Engine 8 | . 14 3 Treads 23 | . 28 19 Device 1 | . . 2 Protection 23 | . 26 21 Energy Cannon 1 | . . 2 Ballistic Gun 23 | . 28 20 Peak Build Rating 11 | 6 11 11 Average Rating 9 | 4 10 8 On Entrance 5 | . 6 11 Avg Prop Armor Cover (%) . | . . . Naked Turns . | . . . Heaviest Build 21 | 13 21 21 Greatest Support 40 | 40 40 40 Greatest Overweight (x) 5 | . . 5 Average Overweight (x) . | . . . Largest Inventory Capacity 8 | 8 8 5 Average Capacity 5 | 6 5 5 Most Carried 5 | 3 5 5 Average Carried 4 | 1 4 3 Final Capacity 8 | 8 5 5 Final Carried 5 | 3 5 3 Class Distribution -------------------- 100% | Mutant Dominant Class ---------------- Mutant | -10/Materials Mutant | -10/Subcaves Resources | -11 -10 -10 ----------- Run | Yrd Mat Sub Matter Collected 519 | 248 98 173 Remotely . | . . . Salvage Created 98 | . 98 . Parts 16 | . 16 . Haulers Intercepted . | . . . Recyclers Shooed . | . . . Parts Field Recycled . | . . . Retrieved Matter . | . . . Parts Self-Destructed . | . . . Prevented . | . . . Parts Restored . | . . . Kills | -11 -10 -10 ------- Run | Yrd Mat Sub Combat Hostiles Destroyed 4 | . 4 . Guns 4 | . 4 . Classes Destroyed 3 | . 3 . Worker 1 | . 1 . Swarmer 3 | . 3 . Grunt 1 | . 1 . Best Kill Streak 4 | . 4 . Combat Bots Only 3 | . 3 . Max Kills in Single Turn 2 | . 2 . Gunslinging 1 | . 1 . Exploded . | . . . Melee . | . . . Uniques/NPCs Destroyed . | . . . Combat | -11 -10 -10 -------- Run | Yrd Mat Sub Hostile Shots Fired 123 | . 31 92 Missed 39 | . 10 29 Hits 84 | . 21 63 Projectile 84 | . 21 63 Critical Strikes 1 | . . 1 Damage Taken 1784 | . 180 1604 Core 271 | . 22 249 Absorbed by Shields . | . . . Core Remaining (%) 100 | 100 . . Volleys Fired 38 | . 16 22 Largest 2 | . 2 2 Hottest 46 | . 46 46 Shots Fired 67 | . 32 35 Gun 67 | . 32 35 Cannon . | . . . Launcher . | . . . Special . | . . . Kinetic 67 | . 32 35 Thermal . | . . . Explosive . | . . . Electromagnetic . | . . . Robot Hit Streak 17 | . 5 17 Robot Miss Streak 4 | . 4 1 Penetration Max . | . . . Secondary Targets 1 | . 1 . Max Gunslinging Chain 1 | . 1 . Shots Hit Robots 40 | . 17 23 Core Hits 6 | . 6 . Critical Kills . | . . . Critical Parts Destroyed . | . . . Critical Strikes . | . . . Melee Attacks . | . . . Impact . | . . . Slashing . | . . . Piercing . | . . . Sneak Attacks . | . . . Combat Hostiles . | . . . Follow-up Attacks . | . . . Damage Inflicted 279 | . 270 9 Guns 270 | . 270 . Cannons . | . . . Explosions . | . . . Melee . | . . . Ramming 9 | . . 9 Kinetic 270 | . 270 . Thermal . | . . . Explosive . | . . . Electromagnetic . | . . . Impact . | . . . Slashing . | . . . Piercing . | . . . Highest Corruption . | . . . Average Corruption . | . . . Corruption Purged . | . . . Corruption Blocked . | . . . Overload Shots . | . . . Overflow Damage . | . . . Projectiles . | . . . Explosions . | . . . Melee . | . . . Knockbacks . | . . . Impact . | . . . Kinetic . | . . . Secondary . | . . . Self-Inflicted Damage 4 | . . 4 Shots . | . . . Rammed 1 | . . 1 Targets Rammed 1 | . . 1 Kicked . | . . . Crushed . | . . . Highest Temperature 244 | . 147 244 Average Temperature 80 | . 70 142 Received Heat Transfer 667 | . 42 625 Siege Activations . | . . . Martial Activations . | . . . Shielding Activations . | . . . Robots Disrupted . | . . . Combat Hostiles . | . . . Robots Corrupted . | . . . Combat Hostiles . | . . . Parts Fried . | . . . Impact Corruptions . | . . . Robots Melted . | . . . Combat Hostiles . | . . . Parts Melted . | . . . Heat Transferred . | . . . Parts Sabotaged . | . . . Parts Stolen . | . . . Parts Stripped . | . . . Power Chain Reactions . | . . . Alert | -11 -10 -10 ------- Run | Yrd Mat Sub Maximum Alert Level . | . . . Low Security (%) 100 | 100 100 . Level 1 . | . . . Level 2 . | . . . Level 3 . | . . . Level 4 . | . . . Level 5 . | . . . High Security . | . . . Max Security . | . . . Peak Influence 65 | . 65 . Initial . | . . . Average 13 | . 17 . Influence Increases 105 | . 105 . Destroy 0b10 Robot/C 80 | . 80 . Destroy 0b10 Robot/NC 5 | . 5 . Destroy Leader 20 | . 20 . Influence Decreases 105 | . 85 20 Entered New Map 10 | . . 10 Time Decay 95 | . 85 10 Squads Dispatched 2 | . 2 . Investigation 2 | . 2 . Extermination . | . . . Reinforcement . | . . . Assault . | . . . Garrison . | . . . Intercept . | . . . Searches Triggered . | . . . Construction Impeded . | . . . Haulers Reinforced . | . . . Active Scanning Responses . | . . . Cargo Convoy Interrupts . | . . . Stealth | -11 -10 -10 --------- Run | Yrd Mat Sub Distress Signals . | . . . Communications Jammed . | . . . Distress Signals . | . . . Times Spotted 13 | . 5 8 Peak Tracking Total 3 | . 3 3 Tactical Retreats 1 | . . 1 Traps | -11 -10 -10 ------- Run | Yrd Mat Sub Traps Triggered 2 | . 1 1 Indirectly . | . . . Trap Hack Attempts . | . . . Triggered . | . . . Disarmed . | . . . Reprogrammed . | . . . Reused . | . . . Traps Extracted . | . . . Installed . | . . . Triggered . | . . . Machines | -11 -10 -10 ---------- Run | Yrd Mat Sub Machines Disabled . | . . . Max in Single Turn . | . . . Machines Repaired . | . . . Machines Dismantled . | . . . Machines Sabotaged . | . . . Overloaded Fab Kills . | . . . Hacking | -11 -10 -10 --------- Run | Yrd Mat Sub Machines Accessed 2 | . 2 . Terminals 2 | . 2 . Fabricators . | . . . Repair Stations . | . . . Recycling Units . | . . . Scanalyzers . | . . . Garrison Access . | . . . Total Hacks 6 | . 6 . Successful 1 | . 1 . Failed 5 | . 5 . Catastrophic 2 | . 2 . Database Lockouts . | . . . Manual 5 | . 5 . Terminals 6 | . 6 . Fabricators . | . . . Repair Stations . | . . . Recycling Units . | . . . Scanalyzers . | . . . Garrison Access . | . . . Terminal Hacks 1 | . 1 . Robot Analysis 1 | . 1 . Fabricator Hacks . | . . . Repair Station Hacks . | . . . Recycling Unit Hacks . | . . . Scanalyzer . | . . . Garrison Access Hacks . | . . . Unauthorized Hacks . | . . . Terminals . | . . . Fabricators . | . . . Repair Stations . | . . . Recycling Units . | . . . Scanalyzers . | . . . Garrison Access . | . . . Data Cores Recovered . | . . . Used . | . . . Hacking Detections 2 | . 2 . Full Trace Events 2 | . 2 . Feedback Events . | . . . Feedback Blocked . | . . . Robot Schematics Acquired . | . . . Robots Built . | . . . Authchips . | . . . Time . | . . . Total Robot Build Rating . | . . . Part Schematics Acquired . | . . . Parts Built . | . . . Authchips . | . . . Time . | . . . Total Part Build Rating . | . . . Part Studies Acquired . | . . . Parts Repaired . | . . . Time . | . . . Parts Recycled . | . . . Recycled Matter . | . . . Retrieved Matter . | . . . Retrieved Components . | . . . Parts Scanalyzed . | . . . Part Schematics Acquired . | . . . Parts Damaged . | . . . Bothacking | -11 -10 -10 ------------ Run | Yrd Mat Sub Used RIF Installer . | . . . Robots Hacked . | . . . Non-combat . | . . . Combat . | . . . Robot Hacks Applied . | . . . Relay Couplers Released . | . . . Fabnet Peak Effective % . | . . . Robots Rewired . | . . . Allies Hacked . | . . . Hacks Repelled . | . . . Allies | -11 -10 -10 -------- Run | Yrd Mat Sub Total Allies . | . . . Largest Group . | . . . Highest-Rated Group . | . . . Highest-Rated Ally . | . . . Total Orders . | . . . Ally Attacks . | . . . Total Damage . | . . . Kills . | . . . Allies Corrupted . | . . . Allies Melted . | . . . Intel | -11 -10 -10 ------- Run | Yrd Mat Sub Active Infowar (turns) 71 | . . 71 Optics 71 | . . 71 Robot Analysis Total 1 | . 1 . Derelict Logs Recovered 1 | . . 1 Drone Launches . | . . . Drone Recoveries . | . . . Exploration | -11 -10 -10 ------------- Run | Yrd Mat Sub Turns Passed 764 | 70 306 388 Spaces Moved 349 | 39 108 202 Core 59 | 3 . 56 Treads 290 | 36 108 146 Legs . | . . . Wheels . | . . . Hover . | . . . Flight . | . . . Fastest Speed 50 | 50 160 50 Average Speed 156 | 151 160 155 Slowest Speed 300 | 160 160 300 Overloaded Moves . | . . . Propulsion Burnouts . | . . . Robots Hopped . | . . . Potential Cave-ins . | . . . Cave-ins Triggered . | . . . Exploration Rate (%) 17 | 5 23 24 Regions Visited 2 Branch Regions 1 Pre-discovered Areas 1 | . . 1 Known Exits Taken . | . . . Unknown Exits Taken 2 | 1 1 . Scrap Searched 4 | . . 4 Spaces Dug . | . . . Terrain Destroyed . | . . . Melee . | . . . Projectile . | . . . AOE . | . . . Terrain Rammed . | . . . Walls Destroyed . | . . . Machines Disabled . | . . . Actions | -11 -10 -10 --------- Run | Yrd Mat Sub Total 494 | 47 210 237 Wait 82 | . 75 7 Move 347 | 38 107 202 Hop . | . . . Pick Up 5 | 2 3 . Fast Attach 11 | 6 2 3 Attach 2 | . . 2 Detach 1 | . 1 . Swap 3 | 1 2 . Drop 4 | . 4 . Fire 38 | . 16 22 Melee . | . . . Ram 1 | . . 1 Kick . | . . . Crush . | . . . Escape Stasis . | . . . Rewire . | . . . Trap . | . . . Miscellaneous . | . . . Route ------- -11/Scrapyard -10/Materials -10/Subcaves History --------- Turn | Location | Event 8 | -11/Scrapyard | Discovered new exit (range 15) 71 | -11/Scrapyard | Entered Materials 314 | -10/Materials | Build established: Mutant 364 | -10/Materials | Discovered new exit (range 10) 377 | -10/Materials | Entered Subcaves 378 | -10/Subcaves | Approached by a straggling Scientist 379 | -10/Subcaves | Learned location of Zion (-6) 569 | -10/Subcaves | Ambushed by Subdwellers from Twisted Machinery 634 | -10/Subcaves | Lost 3 parts (1n1u1w) 647 | -10/Subcaves | Core integrity fell below 50% 654 | -10/Subcaves | A swath of the cavern ceiling suddenly collapsed 710 | -10/Subcaves | Disturbed a concealed Subdweller 711 | -10/Subcaves | Lost 3 parts (1n1u1w) 736 | -10/Subcaves | Core integrity fell below 20% 765 | -10/Subcaves | Destroyed by 1N-QV3(R) with Subdweller Machine Gun Last Messages --------------- 00701_ Found Mak. Light Armor Plating. 00701_ Found 63 Matter. 00702_ Acquired 17 matter. 00703_ Acquired Mak. Light Armor Plating. 00704_ Acquired 10 matter. 00705_ G2-NLZ(R) destroyed. 00706_ Searching scrap... 00706_ Found Sub. Machine Gun. 00706_ Found Sub. Beam Cannon. 00706_ Found 35 Matter. 00709_ Acquired Sub. Beam Cannon. 00710_ 1N-QV3(R) angrily emerges from the Twisted Machinery. 00717_ BU-VO8(R) destroyed. 00722_ Acquired 10 matter. 00726_ OA-IJ4(R) affixes Scrap Shield Fragment to Scrap Shield. 00728_ Triggered Piercing Trap. 00728_ Spikes shoot up from the floor. 00728_ Critical hit (Impale). 00731_ Hvy. Assault Rifle destroyed. 00755_ OA-IJ4(R) destroyed. Map ----- +----------------------------------------------------+ | | | | | | | | | ?????????????????????????????????????????????????? | | ?????????????????????????????????????????????????? | | ?????????????????????????????????????????????????? | | ?????????????????????########????????????????????? | | ?????????????????????#"" ""%##???????????????????? | | ????????????????????## " [ %#???????????????????? | | ????????????????????# " "#???????????????????? | | ????????????????????#$# &# "#???????????????????? | | ???????????????####???# ##???????????????????? | | ??????????????##" ## &###????????????????????? | | ??????????????# *% ##???????????????????? | | ??????????????#$ ^#####%& "#???????????????????? | | ??????????????## # "#???????????????????? | | ??????????????????##R* ##???????????????????? | | ????????????##????#<&%## " ####??????#####???????? | | ?????#####?## ##### & ###### ##???? #???????? | | ????##""#### ## < ### #### #???????? | | ???##"#"" ### #????????? | | ###" """"### #?????????? | | ##" "#;### ## #??????????? | | #####;; ##????????????????? | | # ??##; @ ##?????????????????? | | ????# ### #??????????????????? | | ## ????# ## ##?## #??????????????????? | | #??##?????## ######???# ##??????????????????? | | ???????????######????????# #???????????????????? | | ?????????????????????????## ##???????????????????? | | ?????????????????????????## ##????? ##???????????? | | ?????????????????????????# #????? ##?????????? | | ?????????????????????????## ##????? #?????????? | | ??????????????????????????# #????? #?????????? | | ??????????????????????????# ##????? ??????????? | | ????????????????????????### #?????# ??????? | | ???????????????????????## ##????## #####?? | | ???????????????????????# ##????## ## ##? # | | ???????????????????????## #?????# ## #? # | | ???????????????????????# ##???## ## #?# | | ???????????????????????# #???#" ## | | ???????????????????????## #???#" ## | | ???????????????????????## ]######" ## | | ??????????????????????## *& "#""#" | | ??????????????????????# &!" """" | | ??????????????????????# &&%"" | | ??????????????????????# = "" # ### | | ??????????????????????# " " ####?## | | ??????????????????????##" #?????#### | +----------------------------------------------------+ Best States ------------- Heat Dissipation 25 Energy Generation 10 Energy Capacity 250 Matter Stores 300 Matter Capacity 300 Sight Range 21 Terrain Scan Density 10 Armor Coverage 300 Evasion (%) 50 Recoil Reduction 2 Item Schematics ----------------- None Robot Schematics ------------------ None Fabricated ------------ Nothing Repaired ---------- Nothing Studied --------- None Alien Tech Used ----------------- None Achievements -------------- None Challenges ------------ None Game ------ Seed BarrageConcussiveMaul Manual? 0 Play Time 00:10:04 Cumulative 18.2 hours Start 2025.12.30 @ 19:40:07 End 2025.12.30 @ 19:50:08 Sessions 1 Manual Loads 0 Difficulty Rogue Special Mode None Game No. 22 Rogue 22 Adventurer 0 Explorer 0 Win Type - Total 0 Types 0/0/0/0/0/0/0/0/0/0 Lore% 12 Gallery% 24 Achievement% 18 Wizard Run 0 Options --------- Layout 0 ASCII 0 Keyboard 1 Movement Numpad Keybinds 0 Fullscreen 2 Font 18/SmallcapsGlow Map View 112x50 Zoom Use 0% Tactical HUD 1 Map Filters NONE Filters NONE Steam 1 RUN: 71545a17-444a-466a-8c40-14eb7bba66c6